 Dungeon Crawl Stone Soup version 0.20.1-1-g8b1a95d66d (webtiles) character file.

38424 Jannitor the Nimble (level 14, -6/122 HPs)
             Began as a Ghoul Warper on Dec 8, 2017.
             Was a Believer of Uskayaw.
             Killed from afar by an ice dragon (20 damage)
             ... with a blast of cold
             ... in an ice cave.
             The game lasted 00:48:01 (21449 turns).

Jannitor the Nimble (Ghoul Warper)                 Turns: 21449, Time: 00:48:02

Health: -6/122     AC: 12    Str: 21    XL:     14   Next: 2%
Magic:  0/21       EV: 18    Int: 17    God:    Uskayaw [**....]
Gold:   805        SH:  5    Dex: 13    Spells: 3/24 levels left

rFire    . . .     SeeInvis .     - Unarmed
rCold    + . .     Gourm    .   M - +0 buckler {rPois}
rNeg     + + +     Faith    .   r - +2 leather armour {MR+}
rPois    ∞         Spirit   +   (no helmet)
rElec    .         Reflect  .   J - +5 cloak "Tedogong" {Dex+5}
rCorr    .         Harm     .   (no gloves)
MR       ++...                  i - +0 pair of boots
Stlth    +.........             p - amulet of guardian spirit
Regen    0.0/turn               Q - +5 ring of intelligence
MPRegen  0.2/turn               S - ring of wizardry

@: mighty, very slightly contaminated, rotting, studying Dodging
A: rotting body, claws 1, carnivore 3, cold resistance 1, negative energy
resistance 3, inhibited regeneration, torment resistance, unbreathing
a: Stomp, Line Pass, Renounce Religion


You were in an ice cave.
You worshipped Uskayaw.
Uskayaw was aware of your devotion.
You were not hungry.

You visited 2 branches of the dungeon, and saw 17 of its levels.
You also visited: Ice Cave.

You collected 1150 gold pieces.
You spent 345 gold pieces at shops.

Inventory:

Missiles
 d - 5 tomahawks of dispersal
 k - 2 javelins
 q - 7 tomahawks
 C - 2 throwing nets
 F - 5 steel tomahawks (quivered)
Armour
 i - a +0 pair of boots (worn)
 r - a +2 leather armour of magic resistance (worn)
 J - the +5 cloak "Tedogong" (worn) {Dex+5}
   (You found it on level 4 of the Dungeon)

   It affects your dexterity (+5).
 M - a +0 buckler of poison resistance (worn)
Jewellery
 p - an amulet of guardian spirit (around neck)
 v - an uncursed ring of protection from magic
 H - an uncursed ring of see invisible
 Q - a +5 ring of intelligence (left claw)
 S - a ring of wizardry (right claw)
Wands
 j - a wand of clouds (5/9)
 s - a wand of acid (4/15)
 w - a wand of clouds (0/9)
 z - a wand of iceblast (7/15)
 G - a wand of digging (11/24)
 N - a wand of digging (19/24)
 P - a wand of iceblast (11/15)
 W - a wand of acid (7/15)
 X - a wand of iceblast (9/15)
Scrolls
 a - 6 scrolls of enchant armour
 c - 2 scrolls of blinking
 e - 2 scrolls of recharging
 g - 2 scrolls of remove curse
 x - 10 scrolls of identify
 B - 2 scrolls of enchant weapon
 O - 6 scrolls of teleportation
 T - 2 scrolls of magic mapping
Potions
 t - 6 potions of curing
 A - 2 potions of invisibility
 D - a potion of flight
 E - a potion of brilliance
Books
 b - a book of Spatial Translocations

   Spells                             Type                      Level
   a - Blink                          Translocation                2
   b - Shroud of Golubria             Charms/Translocation         2
   c - Lesser Beckoning               Translocation                3
   d - Gell's Gravitas                Translocation                3
   e - Teleport Other                 Translocation                3
   f - Passage of Golubria            Translocation                4
 l - a book of Callings

   Spells                             Type                      Level
   a - Summon Small Mammal            Summoning                    1
   b - Call Imp                       Summoning                    2
   c - Call Canine Familiar           Summoning                    3
   d - Summon Guardian Golem          Hexes/Summoning              3
   e - Summon Lightning Spire         Summoning/Air                4
   f - Summon Ice Beast               Ice/Summoning                4
 K - a book of Necromancy

   Spells                             Type                      Level
   a - Pain                           Necromancy                   1
   b - Animate Skeleton               Necromancy                   1
   c - Vampiric Draining              Necromancy                   3
   d - Regeneration                   Charms/Necromancy            3
   e - Animate Dead                   Necromancy                   4
   f - Control Undead                 Necromancy                   4
 V - a manual of Dodging
Miscellaneous
 u - a fan of gales
 y - a box of beasts
 L - a lamp of fire
Comestibles
 f - 2 meat rations
 n - a chunk of flesh
 I - 2 royal jellies


   Skills:
 + Level 10.4 Fighting
 - Level 6.6 Throwing
 - Level 0.8 Armour
 + Level 10.6 Dodging
 - Level 6.4 Shields
 + Level 10.4 Unarmed Combat
 + Level 5.7 Spellcasting
 + Level 5.3 Necromancy
 - Level 7.4 Translocations
 + Level 9.1 Invocations
 + Level 3.3 Evocations


You had 3 spell levels left.
You knew the following spells:

 Your Spells              Type           Power        Failure   Level  Hunger
a - Blink                 Tloc           N/A          1%          2    #......
b - Shroud of Golubria    Chrm/Tloc      ###.......   1%          2    #......
c - Teleport Other        Tloc           ####....     1%          3    ##.....
d - Lesser Beckoning      Tloc           ####......   1%          3    ##.....
e - Vampiric Draining     Necr           ###.......   1%          3    ##.....
f - Passage of Golubria   Tloc           N/A          2%          4    ####...
g - Control Undead        Necr           ###.......   7%          4    ####...


Dungeon Overview and Level Annotations

Branches:
Dungeon (12/15)            Temple (0/1) D:4            Lair (5/6) D:8
 Shoals (0/4) Lair:3        Snake (0/4) Lair:4
  Slime: Lair:5-6       Orc: D:9-12

Altars:
Ashenzari
Gozag
Hepliaklqana
Makhleb
Ru
Uskayaw
Xom
Zin
The Shining One

Shops:
D:7 %   D:9 *(

Annotations:
D:5 1 runed door
D:8 Pixllover's ghost, novice MiBe
D:12 Peloso's ghost, journeyman HaFi
Lair:1 exclusion: 3 oklob plants
Lair:4 exclusion: oklob plant


Innate Abilities, Weirdness & Mutations

Your body is rotting away.
You thrive on raw meat.
You are immune to poison.
You have sharp fingernails.
You are carnivorous and can eat meat at any time.
Your flesh is cold resistant. (rC+)
You are immune to negative energy. (rN+++)
You do not regenerate when monsters are visible.
You are immune to unholy pain and torment.
You can survive without breathing.


Message History

Press: ? - help, Dir - move target cursor, p - ice dragon You are very lightly contaminated with residual magic.
As you read the scroll of blinking, it crumbles to dust.
Unknown command.
Okay, then.
Unknown command.
Unknown command.
You feel better.
You feel better. The ice dragon breathes frost at you.
The blast of cold hits you! You resist.
* * * LOW HITPOINT WARNING * * *
You feel better. The ice dragon breathes frost at you.
The blast of cold hits you! You resist.
* * * LOW HITPOINT WARNING * * *
You feel better. The ice dragon breathes frost at you.
The blast of cold hits you! You resist.
You die...

......## ≈≈≈≈≈
###....##
≈≈≈≈≈≈#
####..## ###
###≈#.#
##..###.##
#..# ##.#....#
#...##.#
#####..### .
#.§§##.## ...
##.DD§.@#.....
####§§....#
########


You could see 2 ice dragons.

Vanquished Creatures
  Gastronok (D:9)
  A hydra (Lair:3)
  Erica (D:8)
  3 two-headed ogres
  Nergalle (Lair:2)
  An unseen horror (D:10)
  2 ugly things (D:11)
  A cyclops (D:11)
  A merfolk siren (Lair:3)
  2 ice statues (IceCv)
  3 black mambas
  5 spiny frogs
  A gargoyle (D:12)
  13 rime drakes
  6 komodo dragons
  3 merfolk (Lair:3)
  A troll (D:11)
  2 polar bears
  Grinder (D:6)
  9 blink frogs
  5 hippogriffs
  2 dream sheep (Lair:4)
  Sigmund (D:6)
  A shadow (D:12)
  A spriggan (D:8)
  2 wyverns (Lair:1)
  38 yaks
  Grum (D:8)
  Eustachio (D:6)
  7 steam dragons (Lair:5)
  6 nagas (Lair:4)
  The ghost of Peloso the Shield-Bearer, an amateur HaFi of Okawaru (D:4)
  6 water moccasins
  An acid dragon (D:11)
  5 orc warriors
  9 porcupines
  2 black bears (D:8)
  3 sky beasts
  25 ice beasts
  A necrophage (D:11)
  A phantom (D:10)
  11 wolves
  4 ogres
  9 crocodiles
  4 centaurs
  Blork the orc (D:6)
  13 bullfrogs
  3 scorpions
  A wyvern skeleton (D:10)
  6 wights (D:7)
  An electric eel (D:11)
  5 howler monkeys
  5 crimson imps
  A bullfrog zombie (D:8)
  A centaur zombie (D:9)
  5 orc priests
  4 hounds
  A quasit (D:6)
  2 jellies
  11 orc wizards
  4 bullfrog skeletons
  7 worker ants
  2 hound zombies
  A worker ant zombie (D:11)
  A howler monkey skeleton (D:7)
  12 adders
  A shadow imp (D:8)
  An ooze (D:2)
  An adder skeleton (D:9)
  2 dart slugs
  2 leopard geckos
  28 orcs
  5 giant cockroaches
  9 goblins
  3 hobgoblins
  8 jackals
  6 kobolds
  6 quokkas
  A ball python (D:3)
  3 bats
  8 frilled lizards
  A quokka skeleton (D:6)
  6 rats
383 creatures vanquished.

Vanquished Creatures (others)
  2 fungi
  A plant (D:8)
3 creatures vanquished.

Grand Total: 386 creatures vanquished

Notes
Turn   | Place    | Note
-------+----------+-------------------------------------------
     0 | D:1      | Jannitor the Ghoul Warper began the quest for the Orb.
     0 | D:1      | Reached XP level 1. HP: 17/17 MP: 2/2
    57 | D:1      | Reached skill level 1 in Throwing
    96 | D:1      | Reached XP level 2. HP: 14/25 MP: 3/3
   810 | D:2      | Reached XP level 3. HP: 30/30 MP: 4/4
  1508 | D:3      | Reached XP level 4. HP: 30/37 MP: 5/5
  1803 | D:3      | Found a sacrificial altar of Ru.
  1834 | D:3      | Found a hide-covered altar of Uskayaw.
  1994 | D:3      | Found a glowing golden altar of the Shining One.
  2310 | D:3      | Reached XP level 5. HP: 45/45 MP: 6/6
  2683 | D:3      | Became a worshipper of Uskayaw the Reveler
  2730 | D:4      | Reached * piety under Uskayaw
  2735 | D:4      | Reached ** piety under Uskayaw
  2953 | D:4      | Found a staircase to the Ecumenical Temple.
  3185 | D:4      | Noticed Peloso's ghost (amateur HaFi)
  3191 | D:4      | Reached XP level 6. HP: 28/48 MP: 7/7
  3193 | D:4      | HP: 2/48 [Peloso's ghost (8)]
  3221 | D:5      | Entered Level 5 of the Dungeon
  3393 | D:5      | Learned a level 2 spell: Blink
  3396 | D:5      | Learned a level 2 spell: Shroud of Golubria
  3585 | D:5      | Found a shimmering altar of Xom.
  4088 | D:4      | Got a slimy cloak
  4094 | D:4      | Identified the +5 cloak "Tedogong" {Dex+5} (You found it on level 4 of the Dungeon)
  4295 | D:4      | Reached *** piety under Uskayaw
  4296 | D:4      | Killed Peloso's ghost
  4296 | D:4      | Reached XP level 7. HP: 59/59 MP: 8/8
  4659 | D:4      | Found a glowing silver altar of Zin.
  4659 | D:4      | Found a hazy altar of Hepliaklqana.
  4665 | D:4      | Reached skill level 1 in Invocations
  4839 | D:5      | Found a runed door.
  5172 | D:6      | Noticed Grinder
  5178 | D:6      | Paralysed by Grinder for 5 turns
  5196 | D:6      | Killed Grinder
  5196 | D:6      | Reached skill level 5 in Unarmed Combat
  5196 | D:6      | Reached XP level 8. HP: 39/67 MP: 9/9
  5390 | D:6      | Noticed Sigmund
  5417 | D:6      | Reached **** piety under Uskayaw
  5422 | D:6      | Killed Sigmund
  5700 | D:6      | Noticed Blork the orc
  5722 | D:6      | Killed Blork the orc
  5722 | D:6      | Reached skill level 5 in Fighting
  5972 | D:6      | Found a shattered altar of Ashenzari.
  6020 | D:6      | Noticed Eustachio
  6069 | D:6      | Killed Eustachio
  6506 | D:7      | Found Esoedd's Food Shop.
  6516 | D:7      | Reached XP level 9. HP: 73/73 MP: 10/10
  6756 | D:7      | Reached skill level 5 in Dodging
  7465 | D:8      | Noticed Erica
  7466 | D:8      | Noticed Grum
  7496 | D:8      | Reached skill level 5 in Throwing
  7708 | D:8      | Found a burning altar of Makhleb.
  7731 | D:8      | Killed Erica
  7731 | D:8      | Reached skill level 5 in Translocations
  7731 | D:8      | Reached skill level 5 in Invocations
  7750 | D:8      | Reached ***** piety under Uskayaw
  7756 | D:8      | Killed Grum
  7765 | D:8      | Reached XP level 10. HP: 47/84 MP: 12/12
  7769 | D:8      | Reached ****** piety under Uskayaw
  7924 | D:8      | Noticed Pixllover's ghost (novice MiBe)
  8234 | D:8      | Noticed Gastronok
  8744 | D:9      | Noticed a two-headed ogre
  8755 | D:9      | Killed a two-headed ogre
  9068 | D:9      | Found Kad Qeum's Weapon Emporium.
  9134 | D:9      | Found Heomaas's Assorted Antiques.
  9161 | D:9      | Bought a shiny buckler for 225 gold pieces
  9161 | D:9      | Bought a scroll labeled LYEPSIU OQEO for 30 gold pieces
  9161 | D:9      | Bought a scroll of teleportation for 90 gold pieces
  9179 | D:9      | Learned a level 3 spell: Teleport Other
  9716 | D:9      | Found an opulent altar of Gozag.
  9744 | D:10     | Entered Level 10 of the Dungeon
  9812 | D:10     | Noticed an unseen horror
  9867 | D:10     | Killed an unseen horror
  9867 | D:10     | Reached skill level 1 in Shields
 10430 | D:10     | Reached XP level 11. HP: 46/93 MP: 14/14
 11198 | D:11     | Noticed a green ugly thing
 11209 | D:11     | Killed a green ugly thing
 11548 | D:11     | Got a polished plate armour
 11549 | D:11     | Identified the +3 plate armour "Omennaw" {rN++ Dex-2} (You found it on level 11 of the Dungeon)
 11682 | D:11     | Noticed a cyclops
 11691 | D:11     | Noticed a brown ugly thing
 11691 | D:11     | Killed a cyclops
 11703 | D:11     | Killed a brown ugly thing
 12659 | D:12     | Learned a level 3 spell: Lesser Beckoning
 12663 | D:12     | Learned a level 3 spell: Vampiric Draining
 13163 | D:12     | Noticed Peloso's ghost (journeyman HaFi)
 13166 | D:12     | Noticed an orc knight
 13975 | D:9      | Killed Gastronok
 13975 | D:9      | Reached skill level 1 in Necromancy
 14322 | D:8      | Noticed a two-headed ogre
 14338 | D:8      | Killed a two-headed ogre
 14338 | D:8      | Reached XP level 12. HP: 63/103 MP: 16/16
 14508 | D:8      | Found a staircase to the Lair.
 14644 | D:8      | Noticed a two-headed ogre
 14650 | D:8      | Killed a two-headed ogre
 14736 | Lair:1   | Entered Level 1 of the Lair of Beasts
 16761 | Lair:2   | Noticed Nergalle
 16797 | Lair:2   | Killed Nergalle
 17907 | Lair:3   | Noticed a four-headed hydra
 18335 | Lair:2   | Reached skill level 5 in Shields
 18340 | Lair:2   | Reached XP level 13. HP: 99/111 MP: 19/19
 18432 | Lair:3   | Reached skill level 1 in Evocations
 18595 | Lair:3   | Found a staircase to the Shoals.
 19635 | Lair:4   | Reached skill level 5 in Spellcasting
 19924 | Lair:4   | Found a staircase to the Snake Pit.
 20229 | Lair:4   | Reached skill level 10 in Fighting
 20372 | Lair:5   | Reached skill level 10 in Unarmed Combat
 20435 | Lair:5   | Reached skill level 10 in Dodging
 20897 | Lair:5   | Reached skill level 5 in Necromancy
 20981 | Lair:5   | Found a frozen archway.
 21037 | IceCv    | Entered an ice cave
 21253 | IceCv    | Reached XP level 14. HP: 69/122 MP: 8/21
 21398 | IceCv    | Learned a level 4 spell: Passage of Golubria
 21403 | IceCv    | Learned a level 4 spell: Control Undead
 21444 | IceCv    | HP: 4/122 [ice dragon/blast of cold (12)]
 21449 | IceCv    | Killed from afar by an ice dragon

Skill      XL: |  1  2  3  4  5  6  7  8  9 10 11 12 13 |
---------------+----------------------------------------+-----
Throwing       | 1 2 3 4 5 6 |  6.6
Dodging        | 2 3 4 5 6 7 9 10 | 10.6
Unarmed Combat | 3 4 5 6 7 8 9 10 | 10.4
Fighting       | 3 4 5 6 7 8 9 10 | 10.4
Translocations | 3 4 5 6 7 |  7.4
Invocations    | 2 3 5 6 7 8 9 |  9.1
Shields        | 1 3 5 6 |  6.4
Spellcasting   | 2 3 4 5 |  5.7
Necromancy     | 2 4 5 |  5.3
Evocations     | 3 |  3.3
Armour         | |  0.8

Action                   |  1- 3 |  4- 6 |  7- 9 | 10-12 | 13-15 || total
-------------------------+-------+-------+-------+-------+-------++-------
Melee: Unarmed           |   129 |   194 |   360 |  1073 |   667 ||  2423
       Punch             |     1 |     3 |     7 |     2 |       ||    13
Throw: Tomahawk          |       |       |     1 |     4 |     1 ||     6
 Cast: Shroud of Golubri |       |       |     4 |     9 |     7 ||    20
       Blink             |       |       |       |     3 |     3 ||     6
       Teleport Other    |       |       |       |    10 |     4 ||    14
       Vampiric Draining |       |       |       |     4 |    23 ||    27
Evoke: Wand              |       |       |     5 |     5 |     3 ||    13
       Lamp of fire      |       |       |       |     1 |       ||     1
  Use: Potion            |       |     3 |     6 |     9 |     9 ||    27
       Scroll            |       |       |    10 |    12 |     7 ||    29
 Stab: Paralysed         |       |     1 |    10 |    67 |    37 ||   115
       Invisible         |       |       |     1 |       |     4 ||     5
       Distracted        |       |       |     1 |       |     1 ||     2
  Eat: Chunk             |     7 |     9 |    16 |    52 |    85 ||   169
Armor: Leather armour    |    23 |    53 |   132 |   251 |   171 ||   630
Dodge: Dodged            |    75 |   119 |   227 |   658 |   457 ||  1536
Block: Buckler           |       |       |       |   165 |   154 ||   319
